 Dungeon Crawl Stone Soup version 0.31-a0-161-gb58dd9be76 (webtiles) character file.

Game seed: 9993467032781361452

95 rabbitsville the Trooper (level 4, -2/41 HPs)
             Began as a Hill Orc Fighter on June 13, 2023.
             Killed by nerve-wracking pain
             ... invoked by Grinder
              (9 damage)
             ... on level 3 of the Dungeon.
             The game lasted 00:04:56 (1893 turns).

rabbitsville the Trooper (Hill Orc Fighter)         Turns: 1893, Time: 00:04:57

Health: -2/41      AC:  6    Str: 20    XL:     4   Next: 66%
Magic:  4/4        EV:  9    Int:  8    God:
Gold:   79         SH:  4    Dex: 10    Spells: 3/3 levels left

rFire   + . .        a - +0 war axe
rCold   . . .        c - +0 buckler
rNeg    . . .        b - +0 scale mail
rPois   .            (no helmet)
rElec   .            (no cloak)
rCorr   .            (no gloves)
SInv    +            (no boots)
Will    .....        (no amulet) Stlth
                     m - ring of protection from fire
HPRegen 0.26/turn    q - ring of see invisible
MPRegen 0.09/turn

%: no passive effects
@: mighty
A: no striking features
a: no special abilities


You were on level 3 of the Dungeon.
You visited 1 branch of the dungeon, and saw 3 of its levels.

You collected 79 gold pieces.

Inventory:

Hand Weapons
 a - a +0 war axe (weapon)
Armour
 b - a +0 scale mail (worn)
 c - a +0 buckler (worn)
Jewellery
 i - an amulet of faith
 m - a ring of protection from fire (left hand)
 q - a ring of see invisible (right hand)
Scrolls
 e - a scroll of vulnerability {unknown}
 f - a scroll of amnesia {unknown}
 h - a scroll of teleportation {unknown}
 j - a scroll of revelation {unknown}
 k - a scroll of immolation {unknown}
 o - 3 scrolls of fear {unknown}
 p - a scroll of identify {unknown}
Potions
 g - a potion of berserk rage {unknown}
 l - a potion of invisibility {unknown}
 n - 2 potions of brilliance {unknown}


   Skills:
 * Level 4.9 Fighting
 * Level 4.4 Axes
 - Level 3.2 Armour
 + Level 3.9 Shields


You had 3 spell levels left.
You didn't know any spells.
Your spell library was empty.

Dungeon Overview and Level Annotations

Branches:
Dungeon (3/15)

Altars:

Annotations:
D:3 Grinder


Message History

An orc comes into view. It is wielding a +0 dagger.
You feel very mighty all of a sudden.
A kobold comes into view. It is wielding a +0 whip.
You slice Grinder!!
Grinder is heavily wounded.
Grinder gestures at you.
You suddenly lose the ability to move!
Grinder hits you but does no damage. Grinder hits you.
You writhe in agony.
* * * LOW HITPOINT WARNING * * *
You can move again.
You barely miss Grinder.
Grinder is heavily wounded.
Grinder hits you but does no damage.
Grinder blinks!
An orc comes into view. It is wielding a +0 whip.
The orc shouts!
You hear a shout!
The orc hits you but does no damage.
You slash the orc!
You kill the orc!
The orc throws a boomerang.
The boomerang hits you but does no damage.
You slash the kobold!
You kill the kobold!
You barely miss Grinder.
Grinder is heavily wounded.
Grinder barely misses you. Grinder hits you but does no damage.
You slash Grinder!
Grinder is severely wounded.
Grinder hits you.
* * * LOW HITPOINT WARNING * * *
You writhe in agony.
* * * LOW HITPOINT WARNING * * *
You slash Grinder!
Grinder is almost dead.
Grinder barely misses you.
You hit Grinder.
Grinder is almost dead.
Grinder gestures at you. Pain shoots through your body!
You die...

#.#
#†#
#.#
#.#
#.#
#.#
#.#
#.#
#@#
#5#
.o#
..##
#.#
..
#.#
..


You could see Grinder and an orc.

Vanquished Creatures
  An iguana (D:3)
  3 adders (D:2)
  A worm (D:2)
  A dart slug (D:2)
  An orc (D:3)
  6 bats
  2 endoplasms
  2 hobgoblins (D:3)
  3 quokkas
  5 ball pythons
  3 frilled lizards (D:2)
  4 kobolds
  3 rats
35 creatures vanquished.

Notes
Turn   | Place    | Note
-------+----------+-------------------------------------------
     0 | D:1      | rabbitsville the Hill Orc Fighter began the quest for the
                  | Orb.
     0 | D:1      | Reached XP level 1. HP: 19/19 MP: 1/1
    67 | D:1      | Found a faded altar of an unknown god.
   382 | D:1      | Reached XP level 2. HP: 27/27 MP: 2/2
  1299 | D:2      | Reached XP level 3. HP: 22/33 MP: 3/3
  1795 | D:2      | Reached XP level 4. HP: 38/41 MP: 4/4
  1878 | D:3      | Noticed Grinder
  1882 | D:3      | Paralysed by Grinder for 3 turns
  1893 | D:3      | Killed from afar by Grinder

Illustrated notes

Levels and vault maps discovered:
D:1:      evilmike_arrival_hilbert_curve, layout_basic,
          shapermc_ecumenical_altar_ellora, roderic_malta_cross
D:2:      layout_basic, st_stairs_4
D:3:      layout_basic, uniq_robin, uniq_grinder

Skill      XL: |  1  2  3 |
---------------+----------+-----
Axes           | 3 4 |  4.4
Fighting       | 4 |  4.9
Armour         | |  3.2
Shields        | |  3.9

Action                     |  1- 3 |  4- 6 || total
---------------------------+-------+-------++-------
  Melee: War axe           |   134 |    26 ||   160
    Use: Potion            |       |     1 ||     1
 Armour: Scale mail        |    74 |    12 ||    86
  Dodge: Dodged            |    63 |    12 ||    75
  Block: Buckler           |    34 |     4 ||    38

Table legend: (Time is in decaauts)
 A = Elapsed time spent in this place.
 B = Non-inter-level travel time spent in this place.
 C = Inter-level travel time spent in this place.
 D = Time resting spent in this place.
 E = Time spent auto-exploring this place.
 F = Levels seen in this place.
 G = Mean time per level.
                   A        B        C        D        E       F      G
               +--------+--------+--------+--------+--------+-----+--------+
         Total |   1949 |   1925 |     24 |      0 |   1358 |   3 |  649.7 |
       Dungeon |   1949 |   1925 |     24 |      0 |   1358 |   3 |  649.7 |
               +--------+--------+--------+--------+--------+-----+--------+

Top non-repeatable levels by time:
     D:1: 1223 daAuts
     D:2: 638 daAuts
     D:3: 87 daAuts
